 Dungeon Crawl Stone Soup version 0.22.1-1-ga44c0e5 (webtiles) character file.

98 topirishpotato the Slasher (level 4, 0/58 HPs)
             Began as a Minotaur Monk on Sept 20, 2018.
             Was a Believer of Okawaru.
             Slain by a goblin
             ... wielding a +0 club
             ... led by Robin
              (7 damage)
             ... on level 2 of the Dungeon.
             The game lasted 00:02:31 (1908 turns).

topirishpotato the Slasher (Minotaur Monk)          Turns: 1908, Time: 00:02:32

Health: 0/58       AC:  3    Str: 21    XL:     4   Next: 44%
Magic:  3/3        EV: 13    Int:  7    God:    Okawaru [**....]
Gold:   141        SH:  0    Dex: 13    Spells: 3/3 levels left

rFire    . . .     SeeInvis .   a - +0 falchion
rCold    . . .     Gourm    .   (no shield)
rNeg     . . .     Faith    .   i - +0 leather armour
rPois    .         Spirit   .   (helmet restricted)
rElec    .         Reflect  .   (no cloak)
rCorr    .         Harm     .   (no gloves)
MR       .....                  (no boots)
Stlth    ..........             (no amulet)
HPRegen  0.19/turn              f - +5 ring of slaying
MPRegen  0.08/turn              (no ring)

@: berserking, very quick
A: retaliatory headbutt, horns 2
a: Heroism, Renounce Religion


You were on level 2 of the Dungeon.
You worshipped Okawaru.
Okawaru was pleased with you.
You were very hungry.

You visited 1 branch of the dungeon, and saw 3 of its levels.

You collected 141 gold pieces.

Inventory:

Hand Weapons
 a - a +0 falchion (weapon)
Armour
 i - a +0 leather armour (worn)
Jewellery
 f - a +5 ring of slaying (left hand)
Scrolls
 b - a scroll of fog {unknown}
 g - 4 scrolls of identify {unknown}
 h - a scroll of immolation {unknown}
 j - a scroll of teleportation {unknown}
 l - a scroll of magic mapping {unknown}
 m - a scroll of amnesia {unknown}
 n - a scroll of blinking {unknown}
 o - a scroll of fear {unknown}
Potions
 d - 2 potions of berserk rage
 e - a potion of ambrosia {unknown}
 k - 2 potions of resistance {unknown}
Comestibles
 c - 6 rations


   Skills:
 - Level 3.6 Fighting
 + Level 6.4 Long Blades
 - Level 3.2 Dodging
 - Level 1.5 Stealth


You had 3 spell levels left.
You didn't know any spells.
Your spell library contained the following spells:

 Spells                   Type           Power        Failure   Level  Hunger
 Magic Dart               Conj           #...         47%         1    ##.....


Dungeon Overview and Level Annotations

Branches:
Dungeon (3/15)

Altars:
Cheibriados
Kikubaaqudgha
Okawaru
Sif Muna
Uskayaw
Vehumet
Wu Jian

Annotations:
D:2 Robin


Innate Abilities, Weirdness & Mutations

You reflexively headbutt those who attack you in melee.
You have a pair of horns on your head.


Message History

You kill the goblin!
Okawaru accepts your kill. The goblin hits you but does no damage.
You are feeling very hungry.
You slice the hobgoblin!!
You kill the hobgoblin!
Okawaru accepts your kill.
You closely miss the hobgoblin. The goblin hits you with a club.
* * * LOW HITPOINT WARNING * * *
You slash the hobgoblin!
You kill the hobgoblin!
Okawaru accepts your kill.
You hit the hobgoblin.
The hobgoblin is heavily wounded.
The goblin barely misses you. The hobgoblin misses you.
You riposte.
You hit the hobgoblin.
You kill the hobgoblin!
Okawaru accepts your kill.
You closely miss the goblin. The goblin hits you with a club!
You die...

#.....#.#############...
#####........... #...
##.########. #... #.#
#... ######'##### #...
#..........# #...
#...†......# #...
#.....†....# #...
#....)g@...#
######)##### #†))g.#
#.g...# #.....# #.....#
#.....# #.....# #.....+


You could see Robin and a goblin.

Vanquished Creatures
  An orc priest (D:3)
  2 worms
  A dart slug (D:3)
  2 leopard geckos (D:1)
  5 orcs (D:3)
  A ball python (D:2)
  6 bats
  2 giant cockroaches
  9 goblins
  10 hobgoblins
  A quokka (D:2)
  4 kobolds
  8 rats
52 creatures vanquished.

Notes
Turn   | Place    | Note
-------+----------+-------------------------------------------
     0 | D:1      | topirishpotato the Minotaur Monk began the quest for the
                  | Orb.
     0 | D:1      | Reached XP level 1. HP: 19/19 MP: 0/0
    27 | D:1      | Reached skill level 4 in Long Blades
    65 | D:1      | Reached XP level 2. HP: 25/26 MP: 1/1
   620 | D:2      | You fall through a shaft!
   690 | D:3      | Found an ornate altar of the Wu Jian Council.
   691 | D:3      | Found a snail-covered altar of Cheibriados.
   724 | D:3      | Reached skill level 5 in Long Blades
   759 | D:3      | Found an ancient bone altar of Kikubaaqudgha.
   797 | D:3      | Reached XP level 3. HP: 25/31 MP: 2/2
  1078 | D:3      | Found a hide-covered altar of Uskayaw.
  1204 | D:3      | Found a radiant altar of Vehumet.
  1206 | D:3      | Identified Vehumet's Reference Book on Blows and Bruises
  1210 | D:3      | Found a deep blue altar of Sif Muna.
  1212 | D:3      | Reached skill level 6 in Long Blades
  1212 | D:3      | Reached XP level 4. HP: 38/39 MP: 3/3
  1333 | D:2      | Found an iron altar of Okawaru.
  1459 | D:2      | Became a worshipper of Warmaster Okawaru
  1459 | D:2      | Reached * piety under Okawaru
  1459 | D:2      | Reached ** piety under Okawaru
  1896 | D:2      | Noticed Robin
  1908 | D:2      | Slain by a goblin

Skill      XL: |  1  2  3 |
---------------+----------+-----
Long Blades    | 4 5 6 |  6.4
Fighting       | |  3.6
Dodging        | |  3.2
Stealth        | |  1.5

Action                   |  1- 3 |  4- 6 || total
-------------------------+-------+-------++-------
Melee: Falchion          |    42 |    22 ||    64
       Headbutt          |     7 |     3 ||    10
  Use: Potion            |       |     1 ||     1
 Stab: Sleeping          |     6 |     1 ||     7
  Eat: Chunk             |       |     2 ||     2
Armor: Leather armour    |     5 |     4 ||     9
       Robe              |     1 |       ||     1
Dodge: Dodged            |    40 |    20 ||    60
       Rpst.: Falchion   |     8 |     7 ||    15
